 Dungeon Crawl Stone Soup version 0.22.0-49-gab54619 (webtiles) character file.

504 Starchild the Slinger (level 7, 0/44 HPs)
             Began as a Halfling Hunter on Sept 8, 2018.
             Slain by a slave (4 damage)
             ... led by Pikel
             ... on level 4 of the Dungeon.
             The game lasted 00:18:09 (4638 turns).

Starchild the Slinger (Halfling Hunter)             Turns: 4638, Time: 00:18:10

Health: 0/44       AC:  7    Str: 20    XL:     7   Next: 41%
Magic:  7/7        EV: 14    Int:  9    God:
Gold:   188        SH:  0    Dex: 15    Spells: 6/6 levels left

rFire    + . .     SeeInvis +   b - +0 short sword
rCold    . . .     Gourm    .   (shield restricted)
rNeg     + . .     Faith    .   h - +1 leather armour {rN+}
rPois    .         Spirit   .   (no helmet)
rElec    .         Reflect  .   k - +0 cloak
rCorr    .         Harm     .   c - +1 pair of gloves
MR       .....                  (no boots)
Stlth    ++........             (no amulet)
HPRegen  0.14/turn              q - ring of see invisible
MPRegen  0.10/turn              u - ring of protection from fire

@: mighty
A: small, mutation resistance 1
a: no special abilities


You were on level 4 of the Dungeon.
You were very hungry.

You visited 1 branch of the dungeon, and saw 4 of its levels.

You collected 188 gold pieces.

Inventory:

Hand Weapons
 a - a +1 hunting sling
 b - a +0 short sword (weapon)
Missiles
 d - 2 sling bullets
 e - 103 stones (quivered)
 s - 4 tomahawks
Armour
 c - a +1 pair of gloves (worn)
 h - a +1 leather armour of positive energy (worn)
 k - a +0 cloak (worn)
 r - a +1 ring mail of magic resistance
Jewellery
 q - a ring of see invisible (left hand)
 u - a ring of protection from fire (right hand)
Wands
 o - a wand of flame (43)
Scrolls
 g - 3 scrolls of identify
 i - a scroll of enchant armour {unknown}
 j - 2 scrolls of teleportation
 m - a scroll of amnesia {unknown}
 p - a scroll of remove curse {unknown}
Potions
 l - a potion of curing
 t - a potion of magic {unknown}
Comestibles
 f - 8 rations


   Skills:
 - Level 1.7 Fighting
 + Level 5.2 Short Blades
 + Level 10.1 Slings
 - Level 2.1 Dodging
 - Level 1.1 Stealth


You had 6 spell levels left.
You didn't know any spells.
Your spell library was empty.

Dungeon Overview and Level Annotations

Branches:
Dungeon (4/15)
 Temple: D:4-7

Altars:
Makhleb
Qazlal
Ru
Trog
Uskayaw
Zin
The Shining One

Annotations:
D:4 Pikel


Innate Abilities, Weirdness & Mutations

You are small and have problems with some larger weapons.
You are somewhat resistant to further mutation.


Message History

You puncture Pikel!
Pikel is almost dead.
Pikel misses you.
You barely miss Pikel.
Pikel is almost dead.
The slave barely misses you. Pikel hits you but does no damage.
You hit Pikel but do no damage.
Pikel is almost dead.
The slave barely misses you. Pikel barely misses you.
You closely miss Pikel.
Pikel is almost dead.
The slave completely misses you.
You miss Pikel.
Pikel is almost dead.
Pikel hits you with a whip of freezing!
* * * LOW HITPOINT WARNING * * *
Pikel freezes you.
* * * LOW HITPOINT WARNING * * *
The slave barely misses you. The slave hits you.
You die...

.##.................# ##
$.........(.....(.(.########
..###.>(...>.........[......
...................########
###..................#####
.............(...........##
.....###[##.(..#...........
..#### #.##K...............
.# #..@p..###.#.#######
####p......... #...........
........... ...##... #### #


You could see Pikel and 2 slaves.

Vanquished Creatures
  2 slaves
  2 ogres (D:4)
  A hound (D:2)
  Terence (D:2)
  Jessica (D:2)
  7 gnolls (D:2)
  5 adders
  6 worms
  2 dart slugs (D:1)
  A leopard gecko (D:3)
  17 orcs
  2 giant cockroaches
  11 goblins
  9 hobgoblins
  11 jackals
  2 quokkas
  A ball python (D:4)
  9 bats
  3 frilled lizards
  8 kobolds
  14 rats
115 creatures vanquished.

Notes
Turn   | Place    | Note
-------+----------+-------------------------------------------
     0 | D:1      | Starchild the Halfling Hunter began the quest for the Orb.
     0 | D:1      | Reached XP level 1. HP: 14/14 MP: 1/1
    62 | D:1      | Reached skill level 6 in Slings
   106 | D:1      | Reached XP level 2. HP: 13/19 MP: 2/2
   432 | D:1      | Reached XP level 3. HP: 21/24 MP: 3/3
   454 | D:1      | Reached skill level 1 in Short Blades
   866 | D:1      | Reached skill level 7 in Slings
  1005 | D:2      | Found a glowing silver altar of Zin.
  1042 | D:2      | Noticed Jessica
  1047 | D:2      | Noticed Terence
  1119 | D:3      | Found a hide-covered altar of Uskayaw.
  1257 | D:3      | Reached XP level 4. HP: 23/29 MP: 4/4
  1853 | D:3      | Reached XP level 5. HP: 28/34 MP: 5/5
  2105 | D:3      | Found a sacrificial altar of Ru.
  2544 | D:2      | Reached skill level 8 in Slings
  2888 | D:2      | Reached XP level 6. HP: 27/39 MP: 6/6
  2962 | D:2      | Found a burning altar of Makhleb.
  3156 | D:2      | Found a stormy altar of Qazlal.
  3200 | D:2      | Found a bloodstained altar of Trog.
  3393 | D:2      | Killed Jessica
  3393 | D:2      | Reached skill level 9 in Slings
  3440 | D:2      | Killed Terence
  3519 | D:2      | Found a glowing golden altar of the Shining One.
  3519 | D:2      | Found a bloodstained altar of Trog.
  3615 | D:4      | Noticed an ogre
  3622 | D:4      | Killed an ogre
  3622 | D:4      | Reached XP level 7. HP: 12/44 MP: 7/7
  4041 | D:4      | Noticed Pikel
  4355 | D:4      | Reached skill level 5 in Short Blades
  4355 | D:4      | Reached skill level 10 in Slings
  4638 | D:4      | Slain by a slave

Skill      XL: |  1  2  3  4  5  6  7 |
---------------+----------------------+-----
Slings         | 6 7 8 9 10 | 10.1
Short Blades   | 2 3 4 5 |  5.2
Fighting       | |  1.7
Dodging        | |  2.1
Stealth        | |  1.1

Action                   |  1- 3 |  4- 6 |  7- 9 || total
-------------------------+-------+-------+-------++-------
Melee: Short sword       |   111 |   190 |    64 ||   365
 Fire: Hunting sling     |    16 |    97 |    53 ||   166
Evoke: Wand              |       |       |     1 ||     1
  Use: Potion            |     1 |       |     1 ||     2
       Scroll            |       |     1 |     2 ||     3
 Stab: Sleeping          |     1 |     3 |       ||     4
  Eat: Chunk             |     1 |     6 |       ||     7
       Ration            |       |     1 |       ||     1
Armor: Leather armour    |    33 |    64 |     8 ||   105
Dodge: Dodged            |   131 |   171 |    43 ||   345
